 Dungeon Crawl Stone Soup version 0.30-a0-23-ge60ba3568b (webtiles) character file.

Game seed: 4155972871367289823

102 melkoren the Chiller (level 4, -1/32 HPs)
             Began as a Merfolk Ice Elementalist on Aug 25, 2022.
             Killed by nerve-wracking pain
             ... invoked by an orc priest
              (12 damage)
             ... on level 4 of the Dungeon.
             The game lasted 00:17:46 (2919 turns).

melkoren the Chiller (Merfolk Ice Elementalist)     Turns: 2919, Time: 00:17:47

Health: -1/32      AC:  6    Str: 11    XL:     4   Next: 77%
Magic:  5/7        EV: 13    Int: 20    God:
Gold:   225        SH:  0    Dex: 14    Spells: 4/8 levels left

rFire   . . .      SeeInvis .    h - +11 whip of Perversion {elec, Str+3 Int+4 Stlth+}
rCold   + . .      Faith    .    (no shield)
rNeg    . . .      Spirit   .    a - +0 robe
rPois   .          Reflect  .    (no helmet)
rElec   .          Harm     .    (no cloak)
rCorr   .          Rampage  .    (no gloves)
Will    .....                    (no boots)
Stlth   +++.......               (no amulet)
HPRegen 0.10/turn                O - +4 ring of protection
MPRegen 0.10/turn                C - ring of protection from cold

@: no status effects
A: (nimble swimmer 2), mertail
a: no special abilities


You were on level 4 of the Dungeon.
You visited 1 branch of the dungeon, and saw 4 of its levels.

You collected 225 gold pieces.


Innate Abilities, Weirdness & Mutations

((You are very nimble when in or above water. (Stealth+, EV+, Speed+++)))
Your lower body shifts to a powerful aquatic tail in water.


   Skills:
 + Level 1.0 Fighting
 - Level 0.4 Maces & Flails
 * Level 2.4 Polearms
 + Level 3.6 Dodging
 - Level 2.4 Stealth
 + Level 2.5 Spellcasting
 + Level 5.0 Ice Magic


You had 4 spell levels left.
You knew the following spells:

 Your Spells              Type           Power      Damage    Failure   Level
f - Freeze                Ice            88%        1d10      1%          1
r - Frozen Ramparts       Ice            44%        1d7       6%          3

Your spell library contained the following spells:

 Spells                   Type           Power      Damage    Failure   Level
 Ozocubu's Armour         Ice            22%        N/A       6%          3
 Hailstorm                Conj/Ice       12%        3d5       47%         4

Inventory:

Hand Weapons
 d - a +0 spear
   (You found it on level 1 of the Dungeon)
 e - a +0 dagger
   (You took it off a kobold on level 1 of the Dungeon)
 h - the +11 whip of Perversion (weapon) {elec, Str+3 Int+4 Stlth+}
   (You found it on level 2 of the Dungeon)

   It occasionally discharges a powerful burst of electricity upon striking a
   foe.
   Str:       It affects your strength (+3).
   Int:       It affects your intelligence (+4).
   Stlth:     It makes you more stealthy.
Missiles
 i - 4 javelins (quivered)
 n - 24 stones
Armour
 a - a +0 robe (worn)
 g - a +1 scale mail of positive energy
   (You took it off Ijyb on level 3 of the Dungeon)
 j - a +0 ring mail
   (You found it on level 1 of the Dungeon)
 o - a +0 robe
   (You found it on level 2 of the Dungeon)
 p - a +0 ring mail
   (You found it on level 2 of the Dungeon)
 r - a +0 chain mail
   (You found it on level 3 of the Dungeon)
 s - a +0 ring mail
   (You found it on level 2 of the Dungeon)
 z - a +0 robe
   (You found it on level 3 of the Dungeon)
Jewellery
 C - a ring of protection from cold (right hand)
   (You found it on level 1 of the Dungeon)
 O - a +4 ring of protection (left hand)
   (You found it on level 1 of the Dungeon)
Wands
 m - a wand of charming (14)
   (You took it off Ijyb on level 3 of the Dungeon)
Scrolls
 k - 3 scrolls of identify {@r1}
 l - a scroll of fog
 v - 3 scrolls of teleportation {@r4}
Potions
 b - a potion of magic
 c - 2 potions of curing {@q1}
 f - 2 potions of degeneration {!q}
 x - a potion of lignification {!q}

Dungeon Overview and Level Annotations

Branches:
Dungeon (4/15) Zot: 21070
 Temple: D:4-7

Altars:
Fedhas
Nemelex Xobeh
Ru
Uskayaw
Xom
Zin

##..# #...
#...##....
....... ....
#######.#
#.....<.##
#........# #
#........##.#
#........@..#
#..#######o##
#.. ### .$o
#.. ### ...o.
#.. +_+
.#..## #+#
...## .. # ..


You could see an orc priest and 2 orcs.


Message History

There is a stone staircase leading down here.
You climb downwards.
Found 5 gold pieces.
Found a blossoming altar of Fedhas.
There is a stone staircase leading up here.
The kobold shouts!
The kobold throws a stone.
The stone closely misses you.
An ufetubus comes into view.
The ufetubus shouts!
The kobold throws a stone.
The stone hits you but does no damage.
A hobgoblin comes into view.
You barely miss the kobold. The kobold closely misses you.
You whack the kobold!
You kill the kobold!
You closely miss the ufetubus. The ufetubus completely misses you.
The ufetubus hits you but does no damage.
The ufetubus barely misses you. The ufetubus hits you. 😕 HP[-3]
You take 3 damage, and now have 28/31 hp.
You completely miss the ufetubus. The ufetubus closely misses you.
The ufetubus barely misses you. The ufetubus completely misses you.
The ufetubus barely misses you.
You barely miss the ufetubus.
The ufetubus hits you but does no damage.
The ufetubus completely misses you. 😕 HP[+1]
You hit the ufetubus but do no damage. The ufetubus hits you.
The ufetubus barely misses you. x2
The ufetubus hits you but does no damage.
The hobgoblin closely misses you. 😕 HP[-2]
You take 2 damage, and now have 27/31 hp.
You miss the ufetubus.
The ufetubus hits you but does no damage.
The ufetubus misses you. The hobgoblin misses you.
You hit the ufetubus. Lightning courses through the ufetubus!
You kill the ufetubus!
The hobgoblin hits you.
Your Fighting skill increases to level 1! 😕 HP[-1]
You now have 32 max hp (+1).
Unknown command.
The hobgoblin barely misses you.
There is a stone staircase leading up, spattered with blood here.
Things that are here:
a +0 short sword; 2 stones The hobgoblin closely misses you.
The hobgoblin hits you. 😮 HP[-2]
You take 2 damage, and now have 24/32 hp.
You whack the hobgoblin!
You kill the hobgoblin!
n - 24 stones (gained 2)
There is a stone staircase leading up, spattered with blood here.
You see here a +0 short sword.
You start resting.
A goblin is nearby! 😕 HP[+3]
You regained 3 hp, and now have 27/32 hp. 😕 HP[+1]
A goblin is nearby! 😕 HP[+1]
A goblin is nearby! 😕 HP[+1]
The orc priest shouts!
You hear a shout!
The orc priest mumbles some strange prayers to Beogh against you.
You barely resist.
The orc priest hits you but does no damage.
You completely miss the orc priest.
The orc priest mumbles some strange prayers to Beogh against you.
Beogh smites you!
Ouch! That really hurt!
* * * LOW HITPOINT WARNING * * *
You hear a shout! x2
You are too injured to fight recklessly! 😨 HP[-17]
You take 17 damage, and now have 13/32 hp.
MASSIVE DAMAGE!! (PAUSE)
Casting: Freeze (safe; 1% risk of failure)
Confirm with . or Enter, or press ? or * to list all spells.
You don't know that spell.
Casting: Freeze (safe; 1% risk of failure)
Confirm with . or Enter, or press ? or * to list all spells.
Aiming: Freeze (safe; 1% risk of failure)
Press: ? - help, Shift-Dir - straight line, f - orc priest
Aim: an orc priest, wielding a +0 dagger You freeze the orc priest!
The orc priest hits you with a +0 dagger.
* * * LOW HITPOINT WARNING * * *
😨 HP[-3] MP[-1]
You take 3 damage, and now have 10/32 hp.
You lost 1 mp, and now have 6/7 mp.
Casting: Freeze (safe; 1% risk of failure)
Confirm with . or Enter, or press ? or * to list all spells.
Aiming: Freeze (safe; 1% risk of failure)
Press: ? - help, Shift-Dir - straight line, f/p - orc priest
Aim: an orc priest, wielding a +0 dagger (severely wounded)
You freeze the orc priest.
The orc priest mumbles some strange prayers to Beogh against you.
Pain shoots through your body!
You die...

Skill      XL: |  1  2  3  4 |
---------------+-------------+-----
Dodging        | 3 |  3.6
Polearms       | 1 2 |  2.4
Ice Magic      | 5 |  5.0
Fighting       | 1 |  1.0
Maces & Flails | |  0.4
Stealth        | |  2.4
Spellcasting   | |  2.5

Action                   |  1- 3 |  4- 6 || total
-------------------------+-------+-------++-------
Melee: Dagger            |     1 |       ||     1
       Spear             |    88 |       ||    88
       Whip              |    10 |    21 ||    31
Throw: Stone             |    11 |       ||    11
       Javelin           |       |     6 ||     6
 Cast: Freeze            |    19 |     3 ||    22
  Use: Potion            |     6 |     1 ||     7
       Scroll            |     3 |     5 ||     8
 Stab: Sleeping          |    11 |       ||    11
Armor: Robe              |    26 |     9 ||    35
Dodge: Dodged            |    53 |    21 ||    74

Levels and vault maps discovered:
D:1:      saegor_arrival_simple_a, layout_loops_cross,
          chequers_ecumenical_altar_simple, serial_park_tiny_1
D:2:      layout_loops_cross, basic_altar
D:3:      layout_rooms, chequers_temple_overflow_statue_of_worship, hex_tiny,
          minivault_27, minmay_crystal_room, uniq_ijyb
D:4:      wander_river, layout_rooms, ashenzari_altar_1, lemuel_doored_altar,
          hangedman_decor_slide_cut, kennysheep_path_1

Notes
Turn   | Place    | Note
-------+----------+-------------------------------------------
     0 | D:1      | melkoren the Merfolk Ice Elementalist began the quest for
                  | the Orb.
     0 | D:1      | Reached XP level 1. HP: 13/13 MP: 3/3
     0 | D:1      | magus.rc [v1.11.3]
   271 | D:1      | Reached XP level 2. HP: 19/19 MP: 0/5
   409 | D:1      | Reached skill level 3 in Dodging
   720 | D:1      | Reached skill level 1 in Polearms
   886 | D:1      | Found a faded altar of an unknown god.
   894 | D:1      | Reached XP level 3. HP: 24/24 MP: 6/6
  1154 | D:2      | Found a hide-covered altar of Uskayaw.
  1631 | D:2      | Identified the +11 whip of Perversion {elec, Str+3 Int+4
                  | Stlth+}
  1970 | D:3      | Reached XP level 4. HP: 27/31 MP: 5/7
  2028 | D:3      | Noticed Ijyb
  2059 | D:3      | Killed Ijyb
  2060 | D:3      | Reached skill level 2 in Polearms
  2241 | D:3      | Found a sparkling altar of Nemelex Xobeh.
  2250 | D:3      | Found a shimmering altar of Xom.
  2251 | D:3      | Found a glowing silver altar of Zin.
  2251 | D:3      | Found a sacrificial altar of Ru.
  2401 | D:3      | Reached skill level 5 in Ice Magic
  2636 | D:3      | Learned a level 3 spell: Frozen Ramparts
  2834 | D:4      | Found a blossoming altar of Fedhas.
  2851 | D:4      | Reached skill level 1 in Fighting
  2919 | D:4      | Killed from afar by an orc priest

Vanquished Creatures
  Ijyb (D:3)
  2 adders
  An ufetubus (D:4)
  3 dart slugs
  An orc (D:3)
  8 endoplasms
  3 giant cockroaches
  A goblin (D:1)
  2 hobgoblins
  2 quokkas
  2 ball pythons
  A bat (D:1)
  3 frilled lizards
  7 kobolds
  7 rats
44 creatures vanquished.

Table legend:
 A = Non-vault XP
 B = Vault XP
 C = Vault XP percentage of total XP
 D = Non-vault monster count
 E = Vault monster count
 F = Vault count percentage of total count
                 A         B        C        D         E       F
            +---------+---------+-------+---------+---------+-------
      Total |     108 |      38 |  26.0 |      43 |       1 |   2.3
            +---------+---------+-------+---------+---------+-------
        D:1 |      38 |       0 |   0.0 |      21 |       0 |   0.0
        D:2 |      25 |       0 |   0.0 |       7 |       0 |   0.0
        D:3 |      33 |      38 |  53.5 |      12 |       1 |   7.7
        D:4 |      12 |       0 |   0.0 |       3 |       0 |   0.0
            +---------+---------+-------+---------+---------+-------

Illustrated notes

Table legend:
 A = Kills in this place as a percentage of kills in entire the game.
 B = Kills by you in this place as a percentage of kills by you in the entire game.
 C = Kills by friends in this place as a percentage of kills by friends in the entire game.
 D = Other kills in this place as a percentage of other kills in the entire game.
 E = Experience gained in this place as a percentage of experience gained in the entire game.
 F = Experience gained in this place divided by the number of levels of this place that you have seen.
                   A       B       C       D       E      F
               +-------+-------+-------+-------+-------+----------------------
         Total | 100.0 | 100.0 |   N/A |   N/A | 100.0 |  36.5
       Dungeon | 100.0 | 100.0 |   N/A |   N/A | 100.0 |  36.5
               +-------+-------+-------+-------+-------+----------------------

Table legend: (Time is in decaauts)
 A = Elapsed time spent in this place.
 B = Non-inter-level travel time spent in this place.
 C = Inter-level travel time spent in this place.
 D = Time resting spent in this place.
 E = Time spent auto-exploring this place.
 F = Levels seen in this place.
 G = Mean time per level.
                   A        B        C        D        E       F      G
               +--------+--------+--------+--------+--------+-----+--------+
         Total |   2928 |   2867 |     61 |    322 |   2031 |   4 |  732.0 |
       Dungeon |   2928 |   2867 |     61 |    322 |   2031 |   4 |  732.0 |
               +--------+--------+--------+--------+--------+-----+--------+

Top non-repeatable levels by time:
     D:1: 1095 daAuts
     D:3: 883 daAuts
     D:2: 861 daAuts
     D:4: 87 daAuts
